 Dungeon Crawl Stone Soup version 0.20-a0-1117-g62da73f (webtiles) character file.

170 esteth the Changer (level 5, -6/33 HPs)
             Began as an Octopode Transmuter on May 9, 2017.
             Mangled by esteth's ghost (10 damage)
             ... on level 4 of the Dungeon.
             The game lasted 00:07:49 (4185 turns).

esteth the Changer (Octopode Transmuter)            Turns: 4185, Time: 00:07:50

Health: -6/33      AC:  2    Str:  9    XL:     5   Next: 50%
Magic:  4/8        EV: 25    Int: 16    God:
Gold:   220        SH:  0    Dex: 23    Spells: 2/8 levels left

rFire    . . .     SeeInvis .     - Unarmed
rCold    . . .     Gourm    .   (shield currently unavailable)
rNeg     . . .     Faith    .   (helmet currently unavailable)
rPois    x         Spirit   .   (no amulet)
rElec    .         Reflect  .   (no ring)
rCorr    .         Harm     .   (no ring)
MR       .....                  (no ring)
Stlth    +++.......             (no ring)
Regen    0.2/turn               (no ring)
MPRegen  0.2/turn               (no ring)
                                (no ring)
                                (no ring)

@: agile, spider-form (expiring)
A: almost no armour, stealthy swim, (amphibious), 8 rings, (constrict 8)
a: End Transformation


You were on level 4 of the Dungeon.
You were hungry.
You were a venomous arachnid creature.
You visited 1 branch of the dungeon, and saw 4 of its levels.

You collected 220 gold pieces.

Inventory:

Missiles
 a - 48 arrows
Wands
 j - a wand of iceblast (9/15)
Scrolls
 d - 4 scrolls of identify {unknown}
 e - 4 scrolls of teleportation {unknown}
 h - 5 scrolls of remove curse {unknown}
 m - 2 scrolls of recharging {unknown}
 n - a scroll of immolation {unknown}
 q - a scroll of magic mapping {unknown}
 s - a scroll of enchant armour {unknown}
 v - a scroll of noise {unknown}
Potions
 f - a potion of mutation {unknown}
 k - a potion of brilliance {unknown}
 l - a potion of resistance {unknown}
 o - a potion of agility
 p - a potion of haste {unknown}
 r - 3 potions of lignification {unknown}
 u - 2 potions of curing {unknown}
 w - a potion of magic {unknown}
Books
 b - a book of Changes

   Spells                             Type                      Level
   a - Beastly Appendage              Transmutation                1
   b - Sticks to Snakes               Transmutation                2
   c - Spider Form                    Transmutation/Poison         3
   d - Ice Form                       Ice/Transmutation            4
   e - Blade Hands                    Transmutation                5
Comestibles
 c - a bread ration
 g - 12 chunks of flesh
 i - 12 fruits
 t - a royal jelly


   Skills:
 - Level 1.0 Fighting
 - Level 2.0 Dodging
 - Level 3.0 Unarmed Combat
 - Level 2.0 Spellcasting
 - Level 5.0 Transmutations
 + Level 2.5 Poison Magic


You had 2 spell levels left.
You knew the following spells:

 Your Spells              Type           Power        Failure   Level  Hunger
a - Beastly Appendage     Tmut           ###...       10%         1    #......
b - Sticks to Snakes      Tmut           ###.....     13%         2    ###....
c - Spider Form           Tmut/Pois      ##........   30%         3    ###....


Dungeon Overview and Level Annotations

Branches:
Dungeon (4/15)
 Temple: D:4-7

Altars:
Elyvilon
Gozag
Kikubaaqudgha
Makhleb
Qazlal
Vehumet
Xom

Annotations:
D:4 esteth's ghost, amateur OpTm


Innate Abilities, Weirdness & Mutations

You cannot wear most types of armour.
You are very stealthy in the water. (Stealth+)
((You are amphibious.))
You can wear up to eight rings at the same time.
((You can use your tentacles to constrict eight enemies at once.))
((Your skin changes colour to match your surroundings (Stealth+).))
((Your rubbery body absorbs attacks. (AC +1, EV +1)))


Message History

Your adder withers and dies!
Your ball python bites the scorpion.
Your ball python constricts the scorpion.
The scorpion escapes!
Your ball python misses the scorpion.
Your ball python closely misses the scorpion.
Your ball python withers and dies!
Esteth's ghost misses you.
Your transformation is almost over.
You barely miss esteth's ghost.
Esteth's ghost is heavily damaged.
Esteth's ghost hits you.
* * * LOW HITPOINT WARNING * * *
You barely miss esteth's ghost.
Esteth's ghost is heavily damaged.
Esteth's ghost closely misses you.
It was a potion of agility.
You feel agile all of a sudden. Esteth's ghost hits you!
You die...

#.#.#
#.#.#
#.#.#
#.#.#
#.#.#
#.#.#
#s#.#
#W#.#
#s#.#
#.#.#
..#)#
####<#
###


You could see a scorpion and esteth's ghost.

Vanquished Creatures
  A worker ant (D:4)
  3 adders (D:3)
  4 gnolls
  An ooze (D:1)
  3 worms
  A leopard gecko (D:2)
  An orc (D:3)
  2 bat zombies (D:3)
  A giant cockroach (D:2)
  11 goblins
  7 hobgoblins
  4 jackals
  2 quokkas (D:3)
  3 ball pythons
  6 bats
  5 frilled lizards
  6 kobolds
  9 rats
  A rat zombie (D:3)
71 creatures vanquished.

Vanquished Creatures (collateral kills)
  3 goblins (D:4)
3 creatures vanquished.

Grand Total: 74 creatures vanquished

Notes
Turn   | Place    | Note
-------+----------+-------------------------------------------
     0 | D:1      | esteth the Octopode Transmuter began the quest for the Orb.
     0 | D:1      | Reached XP level 1. HP: 13/13 MP: 3/3
   245 | D:1      | You fall through a shaft!
   286 | D:1      | Reached XP level 2. HP: 17/18 MP: 5/5
   322 | D:1      | Reached skill level 3 in Transmutations
   636 | D:1      | Reached XP level 3. HP: 23/23 MP: 6/6
   641 | D:1      | Found a hide-covered altar of Uskayaw.
   643 | D:1      | Found a bloodstained altar of Trog.
   643 | D:1      | Found a radiant altar of Vehumet.
   647 | D:1      | Found a white marble altar of Elyvilon.
   647 | D:1      | Found a shimmering altar of Xom.
   647 | D:1      | Found an opulent altar of Gozag.
   928 | D:2      | Found a stormy altar of Qazlal.
   992 | D:2      | Learned a level 2 spell: Sticks to Snakes
   996 | D:2      | Learned a level 3 spell: Spider Form
  1446 | D:2      | Reached skill level 4 in Transmutations
  1481 | D:2      | Found a white marble altar of Elyvilon.
  1483 | D:2      | Found a burning altar of Makhleb.
  1635 | D:3      | Reached XP level 4. HP: 23/28 MP: 7/7
  3221 | D:3      | Found an ancient bone altar of Kikubaaqudgha.
  3485 | D:3      | Reached skill level 5 in Transmutations
  3485 | D:3      | Reached XP level 5. HP: 10/33 MP: 4/8
  3526 | D:4      | Reached skill level 1 in Poison Magic
  4138 | D:4      | Noticed esteth's ghost (amateur OpTm)
  4185 | D:4      | Mangled by esteth's ghost

Vault maps used:
D:1:      lemuel_arrival_room, doesnt_xom_only_xom
D:2:      old_standard_altar, nicolae_overflow_hidden_temple, first_bread
D:3:      wad_river_or_something, lemuel_zombie_altar_kikubaaqudgha,
          minmay_randomly_rotated_circles
D:4:      kennysheep_the_goblin_king, nicolae_overflow_quartered_altars

Skill      XL: |  1  2  3  4  5 |
---------------+----------------+-----
Transmutations | 3 4 5 |  5.0
Poison Magic   | 2 |  2.5
Fighting       | |  1.0
Dodging        | |  2.0
Unarmed Combat | |  3.0
Spellcasting   | |  2.0

Action                   |  1- 3 |  4- 6 || total
-------------------------+-------+-------++-------
Melee: Unarmed           |    80 |   114 ||   194
       Constrict         |    24 |    22 ||    46
       Tentacles         |    19 |    19 ||    38
       Punch             |     2 |     1 ||     3
 Cast: Spider Form       |       |     3 ||     3
       Sticks to Snakes  |       |     6 ||     6
  Use: Potion            |       |     3 ||     3
 Stab: Sleeping          |    10 |     7 ||    17
  Eat: Chunk             |     2 |     4 ||     6
       Bread ration      |       |     1 ||     1
Armor: Skin              |     4 |     7 ||    11
Dodge: Dodged            |    44 |    57 ||   101
